[Event "Turning Torso Chess Event 2021"]
[Site "Malmoe"]
[Date "2021.08.22"]
[Round "15.1"]
[White "Smith, Axel"]
[Black "Agrest, Evgenij"]
[Result "0-1"]
[ECO "D45"]
[WhiteElo "2451"]
[BlackElo "2568"]
[Annotator "ChessBase"]
[PlyCount "112"]
[EventDate "2021.08.20"]
[EventType "tourn"]
[EventCountry "SWE"]
[SourceTitle "playchess.com"]
[Source "ChessBase"]
[SourceQuality "1"]
[TimeControl "900+5"]

1. c4 c6 2. Nf3 d5 3. e3 Nf6 4. Nc3 a6 5. d4 e6 6. b3 Bb4 7. Bd2 Bd6 8. Bd3 c5 9. cxd5 exd5 10. dxc5 Bxc5 11. O-O O-O 12. e4 dxe4 13. Nxe4 Qxd3 14. Nxc5 Qf5 15. Rc1 Nc6 16. Bg5 h6 17. Bxf6 Qxf6 18. Nd7 Bxd7 19. Qxd7 Rab8 20. Qd3 Rbd8 21. Qb1 Nb4 22. Rc4 Nd5 23. Qa1 Qxa1 24. Rxa1 Rfe8 25. Kf1 g5 26. g3 Kg7 27. Re1 Rxe1+ 28. Kxe1 b5 29. Rd4 Re8+ 30. Kd2 Nf6 31. Kd3 Re6 32. a4 bxa4 33. Rxa4 Rb6 34. Nd4 Nd7 35. b4 Ne5+ 36. Ke4 Kf6 37. Nb3 Nc6 38. Kd5 Ne7+ 39. Kc4 Kg7 40. Nc5 Rf6 41. Nxa6 Rxf2 42. b5 Nc8 43. Kc5 Rxh2 44. Rc4 h5 45. b6 Rb2 46. Nb4 Nxb6 47. Kxb6 Rb3 48. g4 h4 49. Kc5 h3 50. Rc2 f5 51. gxf5 g4 52. Nd5 g3 53. f6+ Kf7 54. Re2 g2 55.
Re7+ Kf8 56. Rg7 Rb1 0-1

[Event "Turning Torso Chess Event 2021"]
[Site "Malmoe"]
[Date "2021.08.22"]
[Round "18.2"]
[White "Hellers, Ferdinand"]
[Black "Smith, Axel"]
[Result "1/2-1/2"]
[ECO "B38"]
[WhiteElo "2592"]
[BlackElo "2451"]
[Annotator "ChessBase"]
[PlyCount "43"]
[EventDate "2021.08.20"]
[EventType "tourn"]
[EventCountry "SWE"]
[SourceTitle "playchess.com"]
[Source "ChessBase"]
[SourceQuality "1"]
[TimeControl "900+5"]

1. e4 c5 2. Nf3 Nc6 3. d4 cxd4 4. Nxd4 g6 5. c4 Bg7 6. Be3 d6 7. Nc3 Qb6 8. Nb3 Bxc3+ 9. bxc3 Qc7 10. Be2 Nf6 11. f3 O-O 12. O-O b6 13. Nd2 Ba6 14. Rb1 Rac8 15. f4 Rfe8 16. Bd3 Nd7 17. Qf3 Na5 18. Rb4 Nc5 19. Be2 Nd7 20. Qg3 Nc6 21. Rb2 Na5 22. Rb4 1/2-1/2

[Event "Turning Torso Chess Event 2021"]
[Site "Malmoe"]
[Date "2021.08.22"]
[Round "15.2"]
[White "Pantzar, Milton"]
[Black "Hellers, Ferdinand"]
[Result "1-0"]
[ECO "A85"]
[WhiteElo "2424"]
[BlackElo "2592"]
[Annotator "ChessBase"]
[PlyCount "71"]
[EventDate "2021.08.20"]
[EventType "tourn"]
[EventCountry "SWE"]
[SourceTitle "playchess.com"]
[Source "ChessBase"]
[SourceQuality "1"]
[TimeControl "900+5"]

1. d4 f5 2. c4 Nf6 3. Nf3 g6 4. Nc3 Bg7 5. Bf4 d6 6. e3 O-O 7. c5 e6 8. cxd6 cxd6 9. Bc4 a6 10. O-O Kh8 11. Rc1 Nc6 12. Qa4 Bd7 13. Qd1 Bc8 14. a3 b5 15. Ba2 Na5 16. Qe2 Nh5 17. b4 Nb7 18. h4 Bd7 19. Bh2 Rc8 20.
a4 Qe8 21. axb5 axb5 22. Rfd1 Nf6 23. Bb1 Ng4 24. Bg3 e5 25. dxe5 dxe5 26. Nd5 Rxc1 27. Rxc1 Nd6 28. Rd1 Nc4 29. Nd2 Nxd2 30. Qxd2 Bc6 31. Ba2 Qb8 32. f3 Nf6 33. Nxf6 Bxf6 34. Qd6 Qxd6 35. Rxd6 Be8 36. Rxf6 1-0

[Event "Turning Torso Chess Event 2021"]
[Site "Malmoe"]
[Date "2021.08.22"]
[Round "18.3"]
[White "Grandelius, Nils"]
[Black "Blomqvist, Erik"]
[Result "1/2-1/2"]
[ECO "A20"]
[WhiteElo "2666"]
[BlackElo "2537"]
[Annotator "ChessBase"]
[PlyCount "70"]
[EventDate "2021.08.20"]
[EventType "tourn"]
[EventCountry "SWE"]
[SourceTitle "playchess.com"]
[Source "ChessBase"]
[SourceQuality "1"]
[TimeControl "900+5"]

1. c4 e5 2. d3 Nf6 3. Nf3 Nc6 4. a3 d5 5. cxd5 Nxd5 6. b4 a5 7. b5 Nd4 8. Bb2 Nxf3+ 9. gxf3 Bd6 10. Nd2 O-O 11. Nc4 Qh4 12. Qd2 Re8 13. e4 Nf4 14. d4 Rd8 15. d5 Qh5 16. Qe3 f6 17. b6 Bd7 18. bxc7 Bxc7 19. d6 Bb8 20.
Nb6 Ba7 21. Qb3+ Be6 22. Bc4 Bxb6 23. Bxe6+ Nxe6 24. Qxe6+ Qf7 25. Qxf7+ Kxf7 26. Rd1 Ke6 27. Ke2 Rxd6 28.
Rxd6+ Kxd6 29. Rd1+ Kc6 30. f4 exf4 31. Rg1 g6 32. Bxf6 a4 33.
Kf3 Bc5 34. Rc1 Kb5 35. Rc3 Kb6 1/2-1/2

[Event "Turning Torso Chess Event 2021"]
[Site "Malmoe"]
[Date "2021.08.22"]
[Round "12.2"]
[White "Blomqvist, Erik"]
[Black "Westerberg, Jonathan"]
[Result "1-0"]
[ECO "B00"]
[WhiteElo "2537"]
[BlackElo "2526"]
[Annotator "RC"]
[PlyCount "77"]
[EventDate "2021.08.20"]
[EventType "tourn"]
[EventCountry "SWE"]
[SourceTitle "playchess.com"]
[Source "ChessBase"]
[SourceQuality "1"]
[TimeControl "900+5"]

1. e4 Nc6 2. d4 d5 3. e5 Bf5 4. c3 e6 5. Nd2 f6 6. f4 Nh6 7. Ndf3 Be7 8. Bd3 O-O 9. Ne2 Bxd3 10. Qxd3 Qe8 11. h3 a6 12. g4 Nf7 13. O-O Na7 14. Be3 fxe5 15.
dxe5 Qb5 16. Qc2 c5 17. b3 Rac8 18. c4 Qc6 19. Rad1 b5 20.
cxd5 exd5 21. f5 d4 22. Bf4 Qb7 23. Ng3 Nc6 24. Qe4 Na5 25.
Qxb7 Nxb7 26. Ne4 Rfd8 27. Rd3 Na5 28. g5 Nc6 29. f6 gxf6 30.
gxf6 Bf8 31. e6 Nh8 32. Ne5 Ng6 33. Nxg6 hxg6 34. Rg3 d3 35. Rxg6+ Kh7 36. Rg2 Bh6 37. Bxh6 Kxh6 38. e7 Rd4 39. Rf4 1-0

[Event "Turning Torso Chess Event 2021"]
[Site "Malmoe"]
[Date "2021.08.22"]
[Round "15.3"]
[White "Hector, Jonny"]
[Black "Grandelius, Nils"]
[Result "0-1"]
[ECO "B11"]
[WhiteElo "2465"]
[BlackElo "2666"]
[Annotator "ChessBase"]
[PlyCount "86"]
[EventDate "2021.08.20"]
[EventType "tourn"]
[EventCountry "SWE"]
[SourceTitle "playchess.com"]
[Source "ChessBase"]
[SourceQuality "1"]
[TimeControl "900+5"]

1. e4 c6 2. Nc3 d5 3. Nf3 Bg4 4. h3 Bxf3 5. gxf3 d4 6. Ne2 e6 7. d3 Ne7 8. f4 Ng6 9. h4 Nxh4 10. Nxd4 Ng6 11. f5 Ne7 12. Be3 c5 13.
Nb3 exf5 14. Bxc5 Nd7 15. Ba3 Nc6 16. Bxf8 Kxf8 17. Qd2 fxe4 18. O-O-O exd3 19. Bxd3 Nde5 20. Qe3 Qf6 21. f4 Nxd3+ 22. Rxd3 Re8 23. Qd2 h5 24. Nc5 Qe7 25. Qc3 Rh6 26. Rg1 Rg6 27. Rh1 h4 28. b3 Rg4 29. f5 Qg5+ 30. Kb1 Qxf5 31. Nxb7 Ne5 32. Re3 Qf6 33. Rhe1 Rg5 34. Nc5 Qe7 35. Rxe5 Rxe5 36. Rxe5 Qd6 37. b4 Rxe5 38. Qxe5 Qxe5 39. Nd7+ Ke7 40. Nxe5 h3 41. Nf3 g5 42. Nh2 f5 43. Kc1 g4 0-1

[Event "Turning Torso Chess Event 2021"]
[Site "Malmoe"]
[Date "2021.08.22"]
[Round "18.4"]
[White "Hector, Jonny"]
[Black "Westerberg, Jonathan"]
[Result "1/2-1/2"]
[ECO "B60"]
[WhiteElo "2465"]
[BlackElo "2526"]
[Annotator "ChessBase"]
[PlyCount "85"]
[EventDate "2021.08.20"]
[EventType "tourn"]
[EventCountry "SWE"]
[SourceTitle "playchess.com"]
[Source "ChessBase"]
[SourceQuality "1"]
[TimeControl "900+5"]

1. e4 c5 2. Nf3 Nc6 3. Nc3 d6 4. d4 cxd4 5. Nxd4 Nf6 6. Bg5 g6 7. Nb3 Bg7 8. Be2 O-O 9. Qd2 Re8 10. O-O a5 11. a4 Be6 12. Rfe1 Rc8 13.
Bb5 Nd7 14. Rab1 Bxb3 15. cxb3 Nd4 16. Qd1 Nxb5 17. Nxb5 Nc5 18. Bd2 Nd3 19. Re3 Nb4 20. Bc3 Rc5 21. Rh3 Nc6 22. Qd2 h5 23. Rd1 b6 24. f4 Bh6 25. Qf2 Qc8 26. f5 Ne5 27. Nd4 e6 28.
Rf1 exf5 29. exf5 Qd7 30. Rg3 Ng4 31. Rxg4 hxg4 32. Qh4 Be3+ 33. Kh1 Rxc3 34. fxg6 fxg6 35. bxc3 Bxd4 36.
cxd4 Qe6 37. Qh6 Qf5 38. Kg1 Qe4 39. Kh1 Qf5 40. Qc1 Qe6 41.
Qc7 Rf8 42. Rxf8+ Kxf8 43. Qc3 1/2-1/2

[Event "Turning Torso Chess Event 2021"]
[Site "Malmoe"]
[Date "2021.08.22"]
[Round "15.4"]
[White "Blomqvist, Erik"]
[Black "Schussler, Harry"]
[Result "1/2-1/2"]
[ECO "C42"]
[WhiteElo "2537"]
[BlackElo "2410"]
[Annotator "ChessBase"]
[PlyCount "81"]
[EventDate "2021.08.20"]
[EventType "tourn"]
[EventCountry "SWE"]
[SourceTitle "playchess.com"]
[Source "ChessBase"]
[SourceQuality "1"]
[TimeControl "900+5"]

1. e4 e5 2. Nf3 Nf6 3. Nxe5 d6 4. Nf3 Nxe4 5. d3 Nf6 6. d4 g6 7. Bd3 Bg7 8. O-O O-O 9. Re1 Bg4 10. h3 Bxf3 11. Qxf3 d5 12. Bg5 Nbd7 13. Nd2 c6 14. c3 Qb6 15. Nb3 a5 16. Re2 Rfe8 17. Rae1 Rxe2 18. Rxe2 Re8 19. Rxe8+ Nxe8 20. Qe2 Nef6 21. Qc2 Bf8 22. g3 Bd6 23. Kg2 Kg7 24. a4 Qd8 25. Qc1 Bc7 26. Nd2 Qe8 27. Nf3 Ne4 28. Bh6+ Kg8 29. c4 dxc4 30. Qxc4 Nb6 31. Qb3 Nf6 32. Ne5 Nfd5 33. Ng4 Qe7 34. Bd2 Nb4 35. Bxb4 Qxb4 36. Nf6+ Kf8 37. Qxb4+ axb4 38. a5 Nd5 39. Nxd5 cxd5 40. Kf3 Bxa5 41. b3 1/2-1/2

[Event "Turning Torso Chess Event 2021"]
[Site "Malmoe"]
[Date "2021.08.22"]
[Round "12.4"]
[White "Schussler, Harry"]
[Black "Hector, Jonny"]
[Result "0-1"]
[ECO "D02"]
[WhiteElo "2410"]
[BlackElo "2465"]
[Annotator "ChessBase"]
[PlyCount "54"]
[EventDate "2021.08.20"]
[EventType "tourn"]
[EventCountry "SWE"]
[SourceTitle "playchess.com"]
[Source "ChessBase"]
[SourceQuality "1"]
[TimeControl "900+5"]

1. d4 d5 2. Nf3 Nf6 3. Bf4 c5 4. e3 Nc6 5. c3 Qb6 6. Qb3 c4 7. Qc2 Bf5 8. Qc1 e6 9. h3 Be7 10. Nbd2 h6 11. Be2 Qa5 12. O-O b5 13.
Ne5 Nxe5 14. Bxe5 b4 15. Bxf6 gxf6 16. e4 bxc3 17. exf5 cxd2 18. Qc2 e5 19. dxe5 fxe5 20. Rfd1 Bg5 21. g3 Rg8 22. h4 Bf4 23. Kf1 Bxg3 24. fxg3 Rxg3 25. Kf2 Rg7 26. Bf3 e4 27. Bxe4 Qc7 0-1

[Event "Turning Torso Chess Event 2021"]
[Site "Malmoe"]
[Date "2021.08.22"]
[Round "15.5"]
[White "Westerberg, Jonathan"]
[Black "Brynell, Stellan"]
[Result "1/2-1/2"]
[ECO "D39"]
[WhiteElo "2526"]
[BlackElo "2422"]
[Annotator "ChessBase"]
[PlyCount "84"]
[EventDate "2021.08.20"]
[EventType "tourn"]
[EventCountry "SWE"]
[SourceTitle "playchess.com"]
[Source "ChessBase"]
[SourceQuality "1"]
[TimeControl "900+5"]

1. d4 Nf6 2. Nf3 d5 3. c4 e6 4. Nc3 dxc4 5. e4 Bb4 6. Bg5 c5 7. Bxc4 cxd4 8. Nxd4 Bxc3+ 9. bxc3 Qa5 10. Bxf6 Qxc3+ 11. Kf1 gxf6 12. Kg1 Bd7 13. Rc1 Qa5 14. h4 a6 15. Rh3 Nc6 16. Nb3 Qe5 17. Qd2 O-O-O 18. Bxa6 bxa6 19. Na5 Qxe4 20. Qb2 Kc7 21. Re3 Qd5 22. Qb7+ Kd6 23.
Qxa6 Ra8 24. Nc4+ Ke7 25. Nb6 Rxa6 26. Nxd5+ Kd6 27. Nxf6 Ke7 28. Nd5+ Kd6 29. Nf6 Kc7 30. Rf3 Rxa2 31. Nxd7 Kxd7 32. Rxf7+ Kd6 33. Rd1+ Ke5 34. Rdd7 Nd4 35. Rxh7 Rxh7 36. Rxh7 Nf5 37. h5 Kf4 38. Rh8 Kg5 39. Rg8+ Kxh5 40. g4+ Kh4 41. gxf5 exf5 42. Kg2 Ra3 1/2-1/2

[Event "Turning Torso Chess Event 2021"]
[Site "Malmoe"]
[Date "2021.08.22"]
[Round "12.5"]
[White "Pantzar, Milton"]
[Black "Smith, Axel"]
[Result "1-0"]
[ECO "A57"]
[WhiteElo "2424"]
[BlackElo "2451"]
[Annotator "RC"]
[PlyCount "83"]
[EventDate "2021.08.20"]
[EventType "tourn"]
[EventCountry "SWE"]
[SourceTitle "playchess.com"]
[Source "ChessBase"]
[SourceQuality "1"]
[TimeControl "900+5"]

1. d4 Nf6 2. c4 c5 3. d5 b5 4. cxb5 a6 5. e3 e6 6. dxe6 fxe6 7. Nf3 d5 8.
Nc3 Bd6 9. e4 Be7 10. e5 Nfd7 11. Bd3 O-O 12. h4 Qe8 13. Ng5 Bxg5 14. hxg5 g6 15. f4 Bb7 16. O-O Qe7 17. Kh2 axb5 18. Nxb5 Nc6 19. Be3 Ba6 20. a4 Nb4 21. Be2 Rfb8 22. b3 Rf8 23. Rc1 d4 24. Bd2 Nd5 25.
Bc4 N7b6 26. Bd3 Rab8 27. Qc2 Rbc8 28. g4 Ne3 29. Bxe3 dxe3 30. Nd6 Bxd3 31. Qxd3 Nd5 32. Nxc8 Rxc8 33. Kg3 Qb7 34. Rc4 Nb6 35. Re4 Nd5 36. f5 gxf5 37. gxf5 exf5 38. Rxf5 Re8 39. e6 Qc7+ 40. Kh3 Ne7 41. Rf7 Rd8 42. Rd4 1-0

[Event "Turning Torso Chess Event 2021"]
[Site "Malmoe"]
[Date "2021.08.22"]
[Round "16.1"]
[White "Agrest, Evgenij"]
[Black "Westerberg, Jonathan"]
[Result "0-1"]
[ECO "A30"]
[WhiteElo "2568"]
[BlackElo "2526"]
[Annotator "ChessBase"]
[PlyCount "64"]
[EventDate "2021.08.20"]
[EventType "tourn"]
[EventCountry "SWE"]
[SourceTitle "playchess.com"]
[Source "ChessBase"]
[SourceQuality "1"]
[TimeControl "900+5"]

1. Nf3 Nf6 2. c4 e6 3. b3 c5 4. Bb2 Nc6 5. e3 Be7 6. g3 O-O 7. Bg2 d5 8. cxd5 Nxd5 9. a3 Bf6 10. Qc1 b6 11. O-O Ba6 12. Re1 Rc8 13.
e4 Bxb2 14. Qxb2 Nf6 15. b4 Bd3 16. Nc3 Ng4 17. e5 f6 18.
bxc5 bxc5 19. Qb3 c4 20. Qa4 fxe5 21. h3 Nxf2 22. Kxf2 e4 23.
Nxe4 Qd4+ 24. Re3 Qxa1 25. Nd6 Rxf3+ 26. Rxf3 Qd4+ 27. Re3 Qxd6 28. Qa6 Rc7 29. Kg1 Qc5 30. Kh2 e5 31. Rf3 e4 32. Rf4 c3 0-1

[Event "Turning Torso Chess Event 2021"]
[Site "Malmoe"]
[Date "2021.08.21"]
[Round "7.1"]
[White "Pantzar, Milton"]
[Black "Schussler, Harry"]
[Result "1/2-1/2"]
[ECO "E48"]
[WhiteElo "2424"]
[BlackElo "2410"]
[Annotator "ChessBase"]
[PlyCount "36"]
[EventDate "2021.08.20"]
[EventType "tourn"]
[EventCountry "SWE"]
[SourceTitle "playchess.com"]
[Source "ChessBase"]
[SourceQuality "1"]
[TimeControl "900+5"]

1. d4 Nf6 2. c4 e6 3. Nc3 Bb4 4. e3 c5 5. Bd3 Nc6 6. Nge2 cxd4 7. exd4 d5 8.
cxd5 Nxd5 9. O-O O-O 10. Nxd5 exd5 11. Bf4 Be7 12. Qd2 Bf6 13. Rad1 Bg4 14. f3 Be6 15. Bb5 Rc8 16. Bxc6 Rxc6 17. Be5 Be7 18. Rc1 Qb6 1/2-1/2

[Event "Turning Torso Chess Event 2021"]
[Site "Malmoe"]
[Date "2021.08.21"]
[Round "8.4"]
[White "Brynell, Stellan"]
[Black "Pantzar, Milton"]
[Result "0-1"]
[ECO "D35"]
[WhiteElo "2422"]
[BlackElo "2424"]
[Annotator "ChessBase"]
[PlyCount "102"]
[EventDate "2021.08.20"]
[EventType "tourn"]
[EventCountry "SWE"]
[SourceTitle "playchess.com"]
[Source "ChessBase"]
[SourceQuality "1"]
[TimeControl "900+5"]

1. d4 d5 2. c4 e6 3. Nf3 Nf6 4. Nc3 h6 5. g3 Bd6 6. Bg2 O-O 7. O-O Nc6 8.
cxd5 exd5 9. Nb5 Re8 10. Nxd6 cxd6 11. Bf4 Bf5 12. Rc1 Qd7 13. Re1 a5 14. a3 a4 15. b3 axb3 16. Qxb3 Na5 17. Qb4 Nc4 18. Ra1 Ra4 19. Qb3 Rea8 20. Bc1 b5 21. Nd2 Ne4 22. Nxc4 dxc4 23. Qe3 d5 24. f3 Nf6 25. Bd2 Re8 26. Qf2 Ra6 27. Bb4 Rae6 28. Rac1 Qa7 29. Rc3 Bd3 30. Bf1 h5 31. Rcc1 Bf5 32. Rc3 Nd7 33. h3 Bg6 34. h4 Bf5 35. Kh2 Nf6 36. Bh3 Bxh3 37. Kxh3 Nd7 38. Kg2 Nb8 39. e3 Nc6 40. Bc5 Qa5 41. Qb2 Rg6 42. Kf2 Qc7 43.
Rg1 Rb8 44. Rcc1 Qd7 45. Qc2 Rf6 46. Rb1 Nd8 47. Bb4 Ra8 48.
Rbe1 Raa6 49. e4 dxe4 50. Rxe4 Rae6 51. Rxe6 Nxe6 0-1

[Event "Turning Torso Chess Event 2021"]
[Site "Malmoe"]
[Date "2021.08.21"]
[Round "5.4"]
[White "Smith, Axel"]
[Black "Brynell, Stellan"]
[Result "1-0"]
[ECO "C01"]
[WhiteElo "2451"]
[BlackElo "2422"]
[Annotator "ChessBase"]
[PlyCount "89"]
[EventDate "2021.08.20"]
[EventType "tourn"]
[EventCountry "SWE"]
[SourceTitle "playchess.com"]
[Source "ChessBase"]
[SourceQuality "1"]
[TimeControl "900+5"]

1. e4 e6 2. d4 d5 3. exd5 exd5 4. Nf3 Bd6 5. c4 Nf6 6. c5 Be7 7. Bd3 O-O 8. O-O b6 9. Be3 Bg4 10. Nbd2 bxc5 11. dxc5 Nc6 12. Qa4 Bd7 13. Bb5 Qe8 14. Rfe1 Nb8 15. Bxd7 Qxd7 16. Qxd7 Nfxd7 17. Rac1 Nc6 18. Nd4 Nde5 19. Nxc6 Nxc6 20. Bf4 Bf6 21. b3 Nb4 22. Bxc7 Nd3 23. Nf3 Nxe1 24. Nxe1 Rac8 25. Bd6 Rfe8 26. Kf1 Be7 27. Bxe7 Rxe7 28. b4 Re4 29. Nd3 Kf8 30. Rc3 Ke7 31. Ra3 Rc7 32. b5 Rb7 33. Ra5 Kd8 34. a4 f6 35. g3 Rc4 36. c6 Re7 37. Nf4 Rc5 38.
Ra6 d4 39. Kg2 g5 40. Nd3 Rc3 41. Nb4 Rc4 42. Nd5 Re5 43. b6 Rxc6 44. b7 Rc8 45. Rd6+ 1-0